| TOP OF THE 1ST |
|
Mississippi Braves batting - Pitching for Mobile BayBears : RHP Chad Mangum
|
|
Pitching: RHP Chad Mangum
|
|
|
Batting: LHB Sal Fernandez
|
0-0: Foul Ball, location: 2F 0-1: Swinging Strike 0-2: Ball 1-2: Ball 2-2: Foul Ball, location: 2F 2-2: Ball 3-2: Strikes out swinging
|
|
Batting: RHB Paul Landes
|
0-0: Foul Ball, location: 2F 0-1: Fly out, F7 (Line Drive, 7, EV 93.1 MPH)
|
|
Batting: LHB Art D'Ascenzo
|
0-0: Swinging Strike 0-1: Foul Ball, location: 2F 0-2: Fly out, F8 (Flyball, 8RD, EV 99.4 MPH)
|
| Top of the 1st over - 0 runs, 0 hits, 0 errors, 0 left on base; Mississippi 0 - Mobile 0 |
| BOTTOM OF THE 1ST |
|
Mobile BayBears batting - Pitching for Mississippi Braves : RHP Thomas Crowner
|
|
Pitching: RHP Thomas Crowner
|
|
|
Batting: RHB Luke Stark
|
0-0: Ball 1-0: Ground out 5-3 (Groundball, 56S, EV 70.6 MPH)
|
|
Batting: RHB Francisco Gutierrez
|
0-0: Swinging Strike 0-1: Foul Ball, location: 2F 0-2: Ball 1-2: Strikes out swinging
|
|
Batting: RHB Seth Tramontano
|
0-0: Swinging Strike 0-1: Ball 1-1: Reached on error, E5 (Groundball, 56S, EV 90.0 MPH)
|
|
Batting: RHB Josh Burrows
|
0-0: Called Strike 0-1: Ball 1-1: Called Strike 1-2: Ball 2-2: Foul Ball, location: 2F 2-2: Strikes out swinging
|
| Bottom of the 1st over - 0 runs, 0 hits, 1 error, 1 left on base; Mississippi 0 - Mobile 0 |
| TOP OF THE 2ND |
|
Mississippi Braves batting - Pitching for Mobile BayBears : RHP Chad Mangum
|
|
Batting: RHB Luis Restrepo
|
0-0: Called Strike 0-1: Called Strike 0-2: Ball 1-2: Foul Ball, location: 2F 1-2: Strikes out swinging
|
|
Batting: RHB Eddie McCoy
|
0-0: Foul Ball, location: 2F 0-1: Ball 1-1: Called Strike 1-2: Ball 2-2: Ball 3-2: Base on Balls
|
|
Batting: RHB Hieronim Rutkowski
|
0-0: Called Strike 0-1: Ball 1-1: Ball 2-1: SINGLE (Line Drive, 5D, EV 93.8 MPH) Eddie McCoy to second
|
|
Batting: RHB Tim Molchan
|
0-0: Ball 1-0: Ball 2-0: Ball 3-0: Called Strike 3-1: SINGLE (Line Drive, 34D, EV 104.4 MPH) Eddie McCoy to third Hieronim Rutkowski to second
|
|
Batting: RHB Elias Vences
|
0-0: Called Strike 0-1: Foul Ball, location: 2F 0-2: Ball 1-2: Grounds into fielders choice U2 (Groundball, 15S, EV 73.8 MPH) Hieronim Rutkowski to third Tim Molchan to second
|
|
Batting: RHB Gerard Michel
|
0-0: Called Strike 0-1: Swinging Strike 0-2: Strikes out swinging
|
| Top of the 2nd over - 0 runs, 2 hits, 0 errors, 3 left on base; Mississippi 0 - Mobile 0 |
| BOTTOM OF THE 2ND |
|
Mobile BayBears batting - Pitching for Mississippi Braves : RHP Thomas Crowner
|
|
Batting: RHB D.J. Cooke
|
0-0: Ball 1-0: Foul Ball, location: 2F 1-1: Foul Ball, location: 2F 1-2: Foul Ball, location: 2F 1-2: Ball 2-2: Foul Ball, location: 2F 2-2: Foul Ball, location: 2F 2-2: Fly out, F7 (Line Drive, 7, EV 108.8 MPH)
|
|
Batting: RHB Dave Glenn
|
0-0: Ball 1-0: Foul Ball, location: 2F 1-1: Ball 2-1: SINGLE (Line Drive, 8RS, EV 93.8 MPH)
|
|
Batting: LHB Koson Hirai
|
0-0: Fielders Choice at 2nd, 5-4 (Groundball, 56, EV 80.0 MPH)
|
|
Batting: SHB John Cummings
|
0-0: Swinging Strike 0-1: Swinging Strike 0-2: Foul Ball, location: 2F 0-2: Ball 1-2: Foul Ball, location: 2F 1-2: Strikes out swinging
|
| Bottom of the 2nd over - 0 runs, 1 hit, 0 errors, 1 left on base; Mississippi 0 - Mobile 0 |
| TOP OF THE 3RD |
|
Mississippi Braves batting - Pitching for Mobile BayBears : RHP Chad Mangum
|
|
Batting: LHB Sal Fernandez
|
0-0: Foul Ball, location: 2F 0-1: Ball 1-1: Ball 2-1: Called Strike 2-2: Foul Ball, location: 2F 2-2: Ground out 4-3 (Groundball, 4, EV 88.1 MPH)
|
|
Batting: RHB Paul Landes
|
0-0: Swinging Strike 0-1: Ball 1-1: Ball 2-1: Foul Ball, location: 2F 2-2: Strikes out swinging
|
|
Batting: LHB Art D'Ascenzo
|
0-0: Ground out 4-3 (Groundball, 4M, EV 80.0 MPH)
|
| Top of the 3rd over - 0 runs, 0 hits, 0 errors, 0 left on base; Mississippi 0 - Mobile 0 |
| BOTTOM OF THE 3RD |
|
Mobile BayBears batting - Pitching for Mississippi Braves : RHP Thomas Crowner
|
|
Batting: RHB Carlos Ballesteros
|
0-0: Ball 1-0: Swinging Strike 1-1: Foul Ball, location: 2F 1-2: Strikes out looking
|
|
Batting: RHB Luke Stark
|
0-0: Ball 1-0: Ball 2-0: Foul Ball, location: 2F 2-1: Ball 3-1: Foul Ball, location: 2F 3-2: Base on Balls
|
|
Batting: RHB Francisco Gutierrez
|
0-0: Ball 1-0: Foul Ball, location: 2F 1-1: Called Strike Luke Stark steals 2nd base (no throw) 1-2: Ball 2-2: Ball 3-2: Ground out 4-3 (Groundball, 4, EV 86.9 MPH) Luke Stark to third
|
|
Batting: RHB Seth Tramontano
|
0-0: Swinging Strike 0-1: Foul Ball, location: 2F 0-2: Foul Ball, location: 2F 0-2: Ball 1-2: SINGLE (Flyball, 8LS, EV 90.6 MPH) Luke Stark scores
|
|
Batting: RHB Josh Burrows
|
0-0: Ball 1-0: Called Strike 1-1: Foul Ball, location: 2F 1-2: Fly out, F8 (Flyball, 78M, EV 86.9 MPH)
|
| Bottom of the 3rd over - 1 run, 1 hit, 0 errors, 1 left on base; Mississippi 0 - Mobile 1 |
| TOP OF THE 4TH |
|
Mississippi Braves batting - Pitching for Mobile BayBears : RHP Chad Mangum
|
|
Batting: RHB Luis Restrepo
|
0-0: Swinging Strike 0-1: Ball 1-1: Foul Ball, location: 2F 1-2: Strikes out swinging
|
|
Batting: RHB Eddie McCoy
|
0-0: Ball 1-0: Foul Ball, location: 2F 1-1: Ball 2-1: SINGLE (Groundball, 56D, EV 101.9 MPH)
|
|
Batting: RHB Hieronim Rutkowski
|
0-0: Fly out, F9 (Flyball, 89M, EV 77.5 MPH)
|
|
Batting: RHB Tim Molchan
|
0-0: Swinging Strike 0-1: Fly out, F8 (Flyball, 8RM, EV 77.5 MPH)
|
| Top of the 4th over - 0 runs, 1 hit, 0 errors, 1 left on base; Mississippi 0 - Mobile 1 |
| BOTTOM OF THE 4TH |
|
Mobile BayBears batting - Pitching for Mississippi Braves : RHP Thomas Crowner
|
|
Batting: RHB D.J. Cooke
|
0-0: Ball 1-0: SINGLE (Groundball, 56D, EV 97.5 MPH)
|
|
Batting: RHB Dave Glenn
|
0-0: Ball 1-0: Swinging Strike 1-1: Foul Ball, location: 2F 1-2: Strikes out swinging
|
|
Batting: LHB Koson Hirai
|
0-0: Called Strike 0-1: Ball 1-1: Ball D.J. Cooke steals 2nd base 2-1: SINGLE (Groundball, 25, EV 71.9 MPH) (infield hit) D.J. Cooke to third
|
|
Batting: SHB John Cummings
|
0-0: Called Strike Koson Hirai steals 2nd base 0-1: Called Strike 0-2: Ball 1-2: Foul Ball, location: 2F 1-2: Strikes out swinging
|
|
Batting: RHB Carlos Ballesteros
|
0-0: Foul Ball, location: 2F 0-1: Ball 1-1: Foul Ball, location: 2F 1-2: SINGLE (Groundball, 6D, EV 100.6 MPH) D.J. Cooke scores Koson Hirai to third Runner from 3rd tries for Home, SAFE, throw by LF to home
|
|
Batting: RHB Luke Stark
|
0-0: Ball 1-0: Foul Ball, location: 2F 1-1: Fly out, F7 (Flyball, 78S, EV 91.2 MPH)
|
| Bottom of the 4th over - 2 runs, 3 hits, 0 errors, 1 left on base; Mississippi 0 - Mobile 3 |
| TOP OF THE 5TH |
|
Mississippi Braves batting - Pitching for Mobile BayBears : RHP Chad Mangum
|
|
Batting: RHB Elias Vences
|
0-0: Called Strike 0-1: SINGLE (Groundball, 5S, EV 69.4 MPH) (infield hit)
|
|
Batting: RHB Gerard Michel
|
0-0: DOUBLE (Flyball, 78XD, EV 103.1 MPH) Elias Vences to third
|
|
Batting: LHB Sal Fernandez
|
0-0: Swinging Strike 0-1: DOUBLE (Line Drive, 8LXD, EV 101.9 MPH) Elias Vences scores Gerard Michel scores
|
|
Batting: RHB Paul Landes
|
0-0: Ball Sal Fernandez steals 3rd, throwing error, E2 Sal Fernandez scores 1-0: Swinging Strike 1-1: Ball 2-1: Ball 3-1: Base on Balls
|
|
Batting: LHB Art D'Ascenzo
|
0-0: Ball 1-0: Ball 2-0: Foul Ball, location: 2F 2-1: Fly out, F2 (Popup, 25F, EV 77.5 MPH)
|
|
Batting: RHB Luis Restrepo
|
0-0: Called Strike 0-1: Called Strike 0-2: Ball 1-2: Ball 2-2: Foul Ball, location: 2F 2-2: Strikes out swinging
|
|
Batting: RHB Eddie McCoy
|
0-0: Foul Ball, location: 2F 0-1: Ball 1-1: Foul Ball, location: 2F 1-2: SINGLE (Line Drive, 89M, EV 89.4 MPH) Paul Landes to second
|
|
Batting: RHB Hieronim Rutkowski
|
0-0: Ball 1-0: Called Strike 1-1: Ball 2-1: Foul Ball, location: 2F 2-2: Ball 3-2: Foul Ball, location: 2F 3-2: Ground out 4-3 (Groundball, 4, EV 108.8 MPH)
|
| Top of the 5th over - 3 runs, 4 hits, 1 error, 2 left on base; Mississippi 3 - Mobile 3 |
| BOTTOM OF THE 5TH |
|
Mobile BayBears batting - Pitching for Mississippi Braves : RHP Thomas Crowner
|
|
Batting: RHB Francisco Gutierrez
|
0-0: Ball 1-0: Foul Ball, location: 2F 1-1: DOUBLE (Line Drive, 9LM, EV 112.5 MPH)
|
|
Batting: RHB Seth Tramontano
|
0-0: Swinging Strike 0-1: Foul Ball, location: 2F 0-2: Ball 1-2: Ball 2-2: Ground out 4-3 (Groundball, 4, EV 110.6 MPH) Francisco Gutierrez to third
|
|
Batting: RHB Josh Burrows
|
0-0: Foul Ball, location: 2F 0-1: Fly out, F7 (Flyball, 7LSF, EV 93.8 MPH)
|
|
Batting: RHB D.J. Cooke
|
0-0: Ball 1-0: Ball 2-0: Called Strike 2-1: Foul Ball, location: 2F 2-2: Fly out, F8 (Flyball, 89D, EV 90.6 MPH)
|
| Bottom of the 5th over - 0 runs, 1 hit, 0 errors, 1 left on base; Mississippi 3 - Mobile 3 |
| TOP OF THE 6TH |
|
Mississippi Braves batting - Pitching for Mobile BayBears : RHP Chad Mangum
|
|
Batting: RHB Tim Molchan
|
0-0: Ball 1-0: Foul Ball, location: 2F 1-1: Foul Ball, location: 2F 1-2: Strikes out swinging
|
|
Batting: RHB Elias Vences
|
0-0: Ball 1-0: Called Strike 1-1: Foul Ball, location: 2F 1-2: Foul Ball, location: 2F 1-2: Strikes out swinging
|
|
Batting: RHB Gerard Michel
|
0-0: Called Strike 0-1: Ball 1-1: Ground out 5-3 (Groundball, 5, EV 100.0 MPH)
|
| Top of the 6th over - 0 runs, 0 hits, 0 errors, 0 left on base; Mississippi 3 - Mobile 3 |
| BOTTOM OF THE 6TH |
|
Mobile BayBears batting - Pitching for Mississippi Braves : RHP Thomas Crowner
|
|
Batting: RHB Dave Glenn
|
0-0: Called Strike 0-1: Foul Ball, location: 2F 0-2: Ball 1-2: Strikes out swinging
|
|
Pitching: RHP Justin Collins
|
|
|
Batting: LHB Koson Hirai
|
0-0: Foul Ball, location: 2F 0-1: Ball 1-1: Ball 2-1: Ball 3-1: Fly out, F6 (Popup, 6M, EV 59.4 MPH)
|
|
Batting: SHB John Cummings
|
0-0: Ball 1-0: SINGLE (Line Drive, 78S, EV 106.9 MPH)
|
|
Batting: RHB Carlos Ballesteros
|
0-0: SINGLE (Groundball, 6MD, EV 98.1 MPH) John Cummings to second
|
|
Batting: RHB Luke Stark
|
0-0: Foul Ball, location: 2F 0-1: Ball 1-1: DOUBLE (Flyball, 89D, EV 104.4 MPH) John Cummings scores Carlos Ballesteros to third
|
|
Batting: RHB Francisco Gutierrez
|
0-0: Ball 1-0: Ground out 4-3 (Groundball, 34, EV 102.5 MPH)
|
| Bottom of the 6th over - 1 run, 3 hits, 0 errors, 2 left on base; Mississippi 3 - Mobile 4 |
| TOP OF THE 7TH |
|
Mississippi Braves batting - Pitching for Mobile BayBears : RHP Chad Mangum
|
|
Pitching: LHP Josh Hubbard
|
|
|
Batting: LHB Sal Fernandez
|
0-0: Called Strike 0-1: Ball 1-1: Bunt missed! 1-2: Strikes out swinging
|
|
Batting: RHB Paul Landes
|
0-0: Ball 1-0: Foul Ball, location: 2F 1-1: Called Strike 1-2: Ground out 6-3 (Groundball, 56, EV 96.2 MPH)
|
|
Batting: LHB Art D'Ascenzo
|
0-0: Ball 1-0: Called Strike 1-1: Called Strike 1-2: Ball 2-2: Strikes out looking
|
| Top of the 7th over - 0 runs, 0 hits, 0 errors, 0 left on base; Mississippi 3 - Mobile 4 |
| BOTTOM OF THE 7TH |
|
Mobile BayBears batting - Pitching for Mississippi Braves : RHP Justin Collins
|
|
Batting: RHB Seth Tramontano
|
0-0: Ball 1-0: Called Strike 1-1: Fly out, F7 (Flyball, 7, EV 92.5 MPH)
|
|
Batting: RHB Josh Burrows
|
0-0: Ball 1-0: DOUBLE (Line Drive, 89M, EV 105.6 MPH)
|
|
Batting: RHB D.J. Cooke
|
0-0: Called Strike 0-1: Ball 1-1: Ball 2-1: Called Strike 2-2: Foul Ball, location: 2F 2-2: Strikes out looking
|
|
Batting: RHB Dave Glenn
|
0-0: Ball 1-0: Ball 2-0: SINGLE (Flyball, 9S, EV 90.0 MPH) Josh Burrows to third Runner from 3rd tries for Home, throw by RF and OUT! 9-2
|
| Bottom of the 7th over - 0 runs, 2 hits, 0 errors, 1 left on base; Mississippi 3 - Mobile 4 |
| TOP OF THE 8TH |
|
Mississippi Braves batting - Pitching for Mobile BayBears : LHP Josh Hubbard
|
|
Batting: RHB Luis Restrepo
|
0-0: Called Strike 0-1: Called Strike 0-2: Ball 1-2: Strikes out looking
|
|
Batting: RHB Eddie McCoy
|
0-0: Foul Ball, location: 2F 0-1: Ball 1-1: Foul Ball, location: 2F 1-2: SOLO HOME RUN (Flyball, 7LD, EV 96.9 MPH), Distance : 341 ft
|
|
Batting: RHB Hieronim Rutkowski
|
0-0: Foul Ball, location: 2F 0-1: Foul Ball, location: 2F 0-2: Ball 1-2: Strikes out swinging
|
|
Batting: RHB Tim Molchan
|
0-0: Ball 1-0: Foul Ball, location: 2F 1-1: Swinging Strike 1-2: Foul Ball, location: 2F 1-2: Ground out 2-3 (Groundball, 2L, EV 64.4 MPH)
|
| Top of the 8th over - 1 run, 1 hit, 0 errors, 0 left on base; Mississippi 4 - Mobile 4 |
| BOTTOM OF THE 8TH |
|
Mobile BayBears batting - Pitching for Mississippi Braves : RHP Justin Collins
|
|
Pitching: RHP Ioakim Mozgo
|
|
|
Batting: LHB Koson Hirai
|
0-0: Called Strike 0-1: Foul Ball, location: 2F 0-2: Ball 1-2: Strikes out looking
|
|
Batting: SHB John Cummings
|
0-0: Called Strike 0-1: Ball 1-1: SINGLE (Groundball, 3D, EV 99.4 MPH)
|
|
Batting: RHB Carlos Ballesteros
|
0-0: Ball 1-0: Sac Bunt to 13 - play at first, batter OUT! 1-4 John Cummings to second
|
|
Pinch Hitting: LHB Yao-pang Tien
|
0-0: Intentional Walk
|
|
Batting: RHB Francisco Gutierrez
|
0-0: Called Strike 0-1: Ball 1-1: Foul Ball, location: 2F 1-2: Ball 2-2: Fly out, F8 (Flyball, 78D, EV 101.9 MPH)
|
| Bottom of the 8th over - 0 runs, 1 hit, 0 errors, 2 left on base; Mississippi 4 - Mobile 4 |
| TOP OF THE 9TH |
|
Mississippi Braves batting - Pitching for Mobile BayBears : LHP Josh Hubbard
|
|
Pitching: LHP Heath Henderson
|
|
|
Now at 2B: Carlos Ballesteros
|
|
|
Now at SS: Reagan Dudley
|
|
|
Batting: RHB Elias Vences
|
0-0: Ground out 6-3 (Groundball, 6, EV 86.9 MPH)
|
|
Batting: RHB Gerard Michel
|
0-0: Ball 1-0: Ball 2-0: Ball 3-0: Called Strike 3-1: Ground out 5-3 (Groundball, 56, EV 88.8 MPH)
|
|
Pinch Hitting: RHB Justin Reich
|
0-0: Ball 1-0: Foul Ball, location: 2F 1-1: Called Strike 1-2: Ball 2-2: Ball 3-2: Foul Ball, location: 2F 3-2: Foul Ball, location: 2F 3-2: Fly out, F7 (Line Drive, 78D, EV 88.1 MPH)
|
| Top of the 9th over - 0 runs, 0 hits, 0 errors, 0 left on base; Mississippi 4 - Mobile 4 |
| BOTTOM OF THE 9TH |
|
Mobile BayBears batting - Pitching for Mississippi Braves : RHP Ioakim Mozgo
|
|
Now in RF: Fred Arends
|
|
|
Batting: RHB Seth Tramontano
|
0-0: Ball 1-0: Swinging Strike 1-1: Ball 2-1: SOLO HOME RUN (Line Drive, 7D, EV 96.2 MPH), Distance : 375 ft
|
| Bottom of the 9th over - 1 run, 1 hit, 0 errors, 0 left on base; Mississippi 4 - Mobile 5 |
|